 Dungeon Crawl Stone Soup version 0.31-a0-978-g1e143483b6 (webtiles) character file.

Game seed: 7685458244099938594

601 lunkers the Martial Artist (level 8, -10/59 HPs)
             Began as a Meteoran Shapeshifter on Oct 30, 2023.
             Was an Initiate of Gozag.
             Killed from afar by Dowan (14 damage)
             ... with a shard of ice
             ... on level 5 of the Dungeon.
             The game lasted 00:02:56 (1297 turns).

lunkers the Martial Artist (Meteoran Shapeshifter)  Turns: 1297, Time: 00:02:56

Health: -10/59     AC:  6    Str: 16    XL:     8   Next: 1%
Magic:  9/9        EV: 10    Int: 11    God:    Gozag
Gold:   236        SH:  0    Dex: 16    Spells: 7/7 levels left

rFire   . .          .
                       - Unarmed
rCold   . . .        (no shield)
rNeg    . . .        s - +0 scale mail
rPois   .            (helmet currently unavailable)
rElec   .            (cloak currently unavailable)
rCorr   .            (gloves currently unavailable)
SInv    .            (boots currently unavailable)
Will    +....        (no amulet) Stlth
                     (no ring)
HPRegen 0.29/turn    (no ring)
MPRegen 0.11/turn

%: no passive effects
@: beast-form, glowing
A: beast (slay +3), sense surroundings 1, otherworldly, glowing, explore regen
a: Begin Untransformation, Renounce Religion, Potion Petition, Call Merchant,
Bribe Branch


You were on level 5 of the Dungeon.
You worshipped Gozag.
Gozag was aware of your devotion.
You were a hulking beast.
You visited 1 branch of the dungeon, and saw 5 of its levels.

You collected 259 gold pieces.
You paid 23 gold pieces to Gozag.

Inventory:

Armour
 a - a +0 animal skin
 p - a +0 helmet
 s - a +0 scale mail (worn)
Talismans
 c - a beast talisman
 d - a flux talisman
Scrolls
 e - 2 scrolls of revelation {unknown}
 f - a scroll of enchant weapon {unknown}
 g - a scroll of teleportation {unknown}
 h - a scroll of immolation {unknown}
 i - a scroll of acquirement {unknown}
 j - 2 scrolls of identify {unknown}
 l - a scroll of amnesia {unknown}
 n - 2 scrolls of noise {unknown}
Potions
 k - 2 potions of haste {unknown}
 m - a potion of degeneration {unknown}
 o - a potion of curing {unknown}
 q - a potion of might {unknown}
 r - 2 potions of enlightenment {unknown}


   Skills:
 - Level 1.1 Fighting
 - Level 2.1 Dodging
 * Level 8.4 Unarmed Combat
 + Level 6.1 Shapeshifting


You had 7 spell levels left.
You didn't know any spells.
Your spell library contained the following spells:

 Spells                   Type           Power      Damage    Failure   Level
 Vhi's Electric Charge    Tloc/Air       0%         N/A       100%        4
 Arcjolt                  Conj/Air       0%         1d10      100%        5
 Maxwell's Capacitive Co  Air            0%         ∞         100%        8


Dungeon Overview and Level Annotations

Branches:
Dungeon (5/15) Zot: 1720
 Temple: D:4-7

Altars:
Gozag
Hepliaklqana
Ru
Sif Muna
Trog
Yredelemnul
Zin
The Shining One

Shops:
D:1 ?

Annotations:
D:5 Dowan


Innate Abilities, Weirdness & Mutations

You are a hulking beast.
Your limbs bulge with bestial killing power. (Slay +3)
You passively map a small area around you.
You are easily found by Zot.
You glow in the dark.
You regain HP and MP as you explore.


Message History

Unknown command.
You hit the hound but do no damage.
The hound is almost dead.
The hound bites you but does no damage.
Unknown command.
You closely miss the hound.
The hound is almost dead.
The hound bites you.
* * * LOW HITPOINT WARNING * * *
Dowan says, "How can I live without her?"
You closely miss the hound.
The hound is almost dead.
The hound barely misses you.
Unknown command.
You punch the hound!
You kill the hound!
You have reached level 8!
You hit Dowan.
Dowan is lightly wounded.
Dowan breathes, "And she was my only..."
Dowan closely misses you.
Unknown command.
You punch Dowan!
Dowan is heavily wounded.
Dowan gestures wildly while chanting.
Dowan blinks!
Unknown command.
There is an open door here.
You see here 6 gold pieces.
You punch Dowan!
Dowan is almost dead.
Dowan casts a spell at you. The shard of ice hits you!!
* * * LOW HITPOINT WARNING * * *
You closely miss Dowan.
Dowan is almost dead.
Dowan casts a spell at you. The shard of ice hits you!
You die...
Your body crumbles into a pile of gold.

, , , , * * * #+# #####
* #..* .##..##...##
..... * , ...........#
*.....
..........#######..#####
,,
......e...##...##..##...
, , #h####............
.######.$.##...........#
.................(.#####
...................##..#
, *
....##.............#....
... ##+####..###..##...
, .., * #+####..##..# ,
.,, , .........##..# , ,
,..............


You could see Dowan (fast).

Vanquished Creatures
  Duvessa (D:5)
  2 ogres (D:4)
  A scorpion (D:5)
  A hound (D:5)
  2 orc wizards
  Ijyb (D:3)
  A sleepcap (D:5)
  2 iguanas
  5 adders
  4 dart slugs
  9 orcs
  2 endoplasms
  2 giant cockroaches
  A goblin (D:4)
  2 hobgoblins
  2 kobolds
  6 ball pythons
  2 bats
46 creatures vanquished.

Notes
Turn   | Place    | Note
-------+----------+-------------------------------------------
     0 | D:1      | lunkers the Meteoran Shapeshifter began the quest for the
                  | Orb.
     0 | D:1      | Reached XP level 1. HP: 16/16 MP: 2/2
    99 | D:1      | Found Byubo's Magic Scroll Shoppe.
   326 | D:2      | Reached XP level 2. HP: 22/23 MP: 3/3
   349 | D:2      | Reached skill level 4 in Unarmed Combat
   401 | D:3      | Reached XP level 3. HP: 21/28 MP: 4/4
   410 | D:3      | Reached skill level 5 in Unarmed Combat
   410 | D:3      | Reached XP level 4. HP: 7/35 MP: 5/5
   431 | D:3      | Noticed Ijyb
   439 | D:3      | Killed Ijyb
   515 | D:3      | Reached XP level 5. HP: 40/40 MP: 6/6
   647 | D:3      | Found a hazy altar of Hepliaklqana.
   647 | D:3      | Found a glowing golden altar of the Shining One.
   650 | D:3      | Found an opulent altar of Gozag.
   652 | D:3      | Found a bloodstained altar of Trog.
   655 | D:3      | Found a glowing silver altar of Zin.
   656 | D:3      | Became a worshipper of Gozag Ym Sagoz the Greedy
   657 | D:3      | Found a basalt altar of Yredelemnul.
   659 | D:3      | Found a sacrificial altar of Ru.
   664 | D:3      | Found a shimmering blue altar of Sif Muna.
   788 | D:4      | Reached skill level 6 in Unarmed Combat
   892 | D:4      | Noticed an ogre
   902 | D:4      | Killed an ogre
   903 | D:4      | Reached skill level 5 in Shapeshifting
   903 | D:4      | Reached XP level 6. HP: 34/47 MP: 7/7
  1005 | D:4      | Noticed an ogre
  1014 | D:4      | Killed an ogre
  1015 | D:4      | Reached skill level 7 in Unarmed Combat
  1015 | D:4      | Reached XP level 7. HP: 52/52 MP: 8/8
  1111 | D:5      | Entered Level 5 of the Dungeon
  1267 | D:5      | Noticed Dowan
  1267 | D:5      | Noticed Duvessa
  1283 | D:5      | Killed Duvessa
  1284 | D:5      | Reached skill level 8 in Unarmed Combat
  1293 | D:5      | Reached XP level 8. HP: 18/59 MP: 9/9
  1297 | D:5      | Killed from afar by Dowan

Illustrated notes

Levels and vault maps discovered:
D:1:      matt_arrival_los_fun, layout_rooms, serial_shops,
          nicolae_shop_tiny_statue_garden
D:2:      layout_rooms, uniq_natasha
D:3:      layout_basic, nicolae_overflow_hallway_of_the_gods,
          hellmonk_ecumenical_altar_leap_of_faith, serial_park_tiny_2,
          hangedman_decor_growths, minmay_misc_feat_iff, uniq_ijyb
D:4:      layout_loops_cross, nemelex_dance_club_becter,
          nicolae_overflow_hidden_temple, serial_aquarium,
          aquarium_bridge_long_joined [aquarium_subvault_bridge,
          aquarium_subvault_window, aquarium_subvault_bridge,
          aquarium_subvault_wall, aquarium_subvault_balcony,
          aquarium_subvault_bridge], aquarium_bridge_island_large
          [aquarium_subvault_large_4_pools, aquarium_subvault_wall,
          aquarium_subvault_bridge, aquarium_subvault_bridge,
          aquarium_subvault_wall], aquarium_window_1, aquarium_window_1,
          aquarium_window_2, aquarium_window_1, aquarium_view_2e,
          aquarium_balcony_5a
D:5:      layout_gridville, uniq_duvessa, uniq_menkaure

Skill      XL: |  1  2  3  4  5  6  7 |
---------------+----------------------+-----
Unarmed Combat | 4 5 6 7 8 |  8.4
Shapeshifting  | 4 5 6 |  6.1
Fighting       | |  1.1
Dodging        | |  2.1

Action                     |  1- 3 |  4- 6 |  7- 9 || total
---------------------------+-------+-------+-------++-------
  Melee: Unarmed           |    30 |    69 |    54 ||   153
         Punch             |       |     3 |     2 ||     5
  Evoke: Wand              |       |       |     4 ||     4
    Use: Potion            |       |     1 |       ||     1
 Armour: Animal skin       |    19 |    25 |       ||    44
         Skin              |       |     2 |       ||     2
         Scale mail        |       |     4 |    41 ||    45
  Dodge: Dodged            |    21 |    33 |    22 ||    76

Table legend: (Time is in decaauts)
 A = Elapsed time spent in this place.
 B = Non-inter-level travel time spent in this place.
 C = Inter-level travel time spent in this place.
 D = Time resting spent in this place.
 E = Time spent auto-exploring this place.
 F = Levels seen in this place.
 G = Mean time per level.
                   A        B        C        D        E       F      G
               +--------+--------+--------+--------+--------+-----+--------+
         Total |   1278 |   1262 |     16 |     35 |    842 |   5 |  255.6 |
       Dungeon |   1278 |   1262 |     16 |     35 |    842 |   5 |  255.6 |
               +--------+--------+--------+--------+--------+-----+--------+

Top non-repeatable levels by time:
     D:3: 368 daAuts
     D:4: 341 daAuts
     D:1: 291 daAuts
     D:5: 178 daAuts
     D:2: 98 daAuts
